 Dungeon Crawl Stone Soup version 0.27-a0-1334-g2746e35aca (webtiles) character file.

Game seed: 1552680341072129573

9543 pokeman the Thaumaturge (level 11, -6/60 HPs)
             Began as a Deep Elf Hedge Wizard on June 26, 2021.
             Was a Believer of Vehumet.
             Killed from afar by a white imp (10 damage)
             ... with a puff of frost
             ... summoned by a kobold demonologist
             ... on level 11 of the Dungeon.
             The game lasted 00:43:56 (14552 turns).

pokeman the Thaumaturge (Deep Elf Hedge Wizard)    Turns: 14552, Time: 00:43:57

Health: -6/60      AC: 11    Str:  7    XL:     11   Next: 24%
Magic:  23/31      EV: 12    Int: 23    God:    Vehumet [**....]
Gold:   598        SH:  5    Dex: 14    Spells: 27/38 levels left

rFire    + + .     SeeInvis .   f - staff of poison
rCold    . . .     Faith    .   k - +0 buckler
rNeg     . . .     Spirit   .   P - +1 leather armour {rF+}
rPois    +         Reflect  .   r - +1 helmet
rElec    .         Harm     .   t - +2 cloak
rCorr    .         Rampage  .   M - +0 pair of gloves
Will     ++...                  D - +0 pair of boots
Stlth    ++........             H - amulet of magic regeneration
HPRegen  0.20/turn              i - ring of protection from fire
MPRegen  0.47/turn              F - ring of willpower

@: about to teleport, slowed, very slow
A: no striking features
a: Renounce Religion


You were on level 11 of the Dungeon.
You worshipped Vehumet.
Vehumet was pleased with you.
You visited 2 branches of the dungeon, and saw 12 of its levels.

You collected 598 gold pieces.

Inventory:

Hand Weapons
 n - a +0 arbalest
 u - a +3 quarterstaff of chaos
 v - a +1 dagger of venom
 I - a +0 shortbow
Missiles
 d - 20 atropa-tipped darts
 m - 149 arrows
 x - a throwing net
 G - 12 bolts
 J - 2 curare-tipped darts
Armour
 k - a +0 buckler (worn)
 r - a +1 helmet (worn)
 t - a +2 cloak (worn)
 D - a +0 pair of boots (worn)
 M - a +0 pair of gloves (worn)
 P - a +1 leather armour of fire resistance (worn)
 R - a +0 leather armour of cold resistance
Magical Staves
 f - a staff of poison (weapon)
 O - a staff of earth
Jewellery
 i - a ring of protection from fire (left hand)
 l - a ring of resist corrosion
 F - a ring of willpower (right hand)
 H - an amulet of magic regeneration (around neck)
Wands
 c - a wand of polymorph (8)
 y - a wand of iceblast (14)
 C - a wand of flame (20)
 U - a wand of acid (6)
Scrolls
 a - a scroll of holy word
 g - 3 scrolls of teleportation
 h - a scroll of enchant armour
 j - a scroll of magic mapping
 o - 2 scrolls of noise {unknown}
 p - 2 scrolls of amnesia {unknown}
 q - 8 scrolls of identify
 w - 3 scrolls of enchant weapon {unknown}
 E - a scroll of acquirement {unknown}
 K - a scroll of vulnerability {unknown}
 L - 2 scrolls of immolation {unknown}
Potions
 b - 5 potions of curing {unknown}
 e - 2 potions of degeneration {unknown}
 s - 2 potions of heal wounds {unknown}
 z - a potion of brilliance {unknown}
 A - a potion of cancellation {unknown}
 B - a potion of invisibility {unknown}
 N - 2 potions of lignification {unknown}
 Q - a potion of might {unknown}
 S - a potion of haste {unknown}
 T - a potion of flight {unknown}


   Skills:
 + Level 3.4 Fighting
 - Level 3.0 Armour
 - Level 3.0 Dodging
 - Level 3.0 Stealth
 - Level 4.0 Shields
 * Level 14.4 Spellcasting
 + Level 8.8 Conjurations
 - Level 1.1 Summonings
 - Level 1.1 Translocations
 + Level 7.8 Fire Magic
 - Level 2.0 Air Magic
 - Level 1.1 Poison Magic
 - Level 1.0 Evocations


You had 27 spell levels left.
You knew the following spells:

 Your Spells              Type           Power      Damage    Failure   Level
a - Magic Dart            Conj           100%       1d8       1%          1
b - Mephitic Cloud        Conj/Pois/Air  51%        N/A       3%          3
c - Call Imp              Summ           21%        N/A       4%          2
d - Blink                 Tloc           N/A        N/A       4%          2
e - Conjure Flame         Conj/Fire      53%        6-21      1%          3

Your spell library contained the following spells:

 Spells                   Type           Power      Damage    Failure   Level
 Ignite Poison            Fire/Tmut/Pois 45%        N/A       4%          3
 Dazzling Flash           Conj/Hex       72%        N/A       2%          3
 Summon Small Mammal      Summ           84%        N/A       3%          1
 Inner Flame              Hex/Fire       34%        N/A       3%          3
 Animate Skeleton         Necr           32%        N/A       5%          1
 Corona                   Hex            17%        N/A       5%          1
 Pain                     Necr           64%        1d7       5%          1
 Ensorcelled Hibernation  Hex/Ice        32%        N/A       8%          2
 Slow                     Hex            16%        N/A       8%          2
 Call Canine Familiar     Summ           21%        N/A       10%         3
 Portal Projectile        Hex/Tloc       38%        N/A       12%         3
 Summon Guardian Golem    Hex/Summ       19%        N/A       12%         3
 Confusing Touch          Hex            16%        N/A       16%         3
 Tukima's Dance           Hex            16%        N/A       16%         3
 Vampiric Draining        Necr           8%         2d7       16%         3
 Summon Lightning Spire   Summ/Air       23%        N/A       26%         4
 Summon Ice Beast         Ice/Summ       19%        N/A       38%         4
 Animate Dead             Necr           8%         N/A       45%         4
 Cause Fear               Hex            8%         N/A       45%         4
 Leda's Liquefaction      Hex/Erth       8%         N/A       45%         4
 Agony                    Necr           16%        N/A       82%         5


Dungeon Overview and Level Annotations

Branches:
Dungeon (11/15)            Temple (1/1) D:7            Lair (0/6) D:8
    Orc (0/2) D:11

Altars:
Cheibriados
Dithmenos
Elyvilon
Gozag
Hepliaklqana
Kikubaaqudgha
Okawaru
Qazlal
Ru
Sif Muna
Trog
Uskayaw
Vehumet
Wu Jian
Zin
The Shining One

Shops:
D:11 (

Annotations:
D:3 Scrolls behind grate
D:8 3 runed translucent doors, DemonSlayer's ghost, novice HuCK; SkeletonJelly's ghost, novice DrFi; Zonian's ghost, novice HuCj
D:11 1 runed translucent door, dinky3's ghost, journeyman SpEn


Message History

The stinking cloud engulfs the white imp but does no damage.
The stinking cloud engulfs the smoke demon but does no damage.
The killer bee is engulfed in noxious fumes.
The killer bee appears confused.
The orc wizard closely misses you. The white imp gestures at you.
You block the puff of frost.
The orc wizard is engulfed in noxious fumes.
The orc wizard appears confused.
The orc wizard hits the white imp with a +0 dagger.
The orc wizard closely misses you.
Unknown command.
Unknown command.
Unknown command.
Unknown command.
You hear the creaking of a portcullis nearby.
The killer bee is engulfed in noxious fumes.
The killer bee appears confused.
The killer bee is engulfed in noxious fumes.
The killer bee appears confused.
The orc wizard is engulfed in noxious fumes.
The orc wizard appears confused.
The orc wizard hits the kobold demonologist with a +0 dagger.
The orc wizard hits itself with a +0 dagger.
The kobold demonologist is engulfed in noxious fumes.
The kobold demonologist appears confused.
The orc wizard hits you but does no damage.
Found a stone staircase leading down.
As you read the scroll of teleportation, it crumbles to dust.
You feel strangely unstable.
The killer bee closely misses the killer bee.
The kobold demonologist is engulfed in noxious fumes.
The kobold demonologist appears confused.
The kobold demonologist hits the orc wizard with a +0 dagger.
The orc wizard misses you.
The orc wizard is engulfed in noxious fumes.
The orc wizard appears confused.
The orc wizard hits the iron imp but does no damage.
The white imp gestures at you. The puff of frost hits you!
You die...

!♣...+.##....#.......# *,,,,,
.!..##.##....#......o# *,,,,,
...##........#......)# *,,,,,
#⌠##.........#.....yy####***,,,,,
###....#######○☼5........,,,,,,,,
....###*......5o4........,,,,,,,,
,,*,,,,,..?....☼K........,,,,,,,,
***,,,,,.......3o5.......,,,,,,,,
,,,,,,,>[.......@........,,,,,,,,
,,,,,,,,.................,,,,,,,,
,,,,,,,,.................,,,,,,,,
,,,,,,,,.............####****,,,,
,,,**+**######.......#,,,,,,*,,,,
,,,*,,,,,,,,,+.......#^,,,,,*,,,,
,,,*,,,,,,,,,#.......#,,,,,,*,,,,
,,,*,,,,,,,,,#..>....#,,,,,,*,,,,
,,,*,,,,,,,,,*,,,,,,,*,**,,,#.○.K


You could see an ice devil (summoned), a kobold demonologist (confused), a smoke
demon (summoned), 2 killer bees, an iron imp (summoned), 3 orc wizards and 2
white imps.

Vanquished Creatures
  A hydra (D:8)
  A two-headed ogre (D:9)
  A komodo dragon (D:9)
  2 trolls
  A hornet (D:8)
  Grinder (D:5)
  6 slime creatures
  3 wraiths
  11 yaks
  3 wyverns (D:9)
  Eustachio (D:4)
  A steam dragon (D:8)
  A water moccasin (D:5)
  An ice beast (D:7)
  3 orc warriors
  A black bear (D:5)
  An ogre (D:5)
  2 necrophages
  2 centaurs
  A phantom (D:5)
  3 kobold brigands
  2 bullfrogs
  A wyvern zombie (D:8)
  2 gnoll sergeants
  4 scorpions
  A water moccasin skeleton (D:4)
  A wight (D:9)
  A bullfrog zombie (D:4)
  3 centaur zombies
  4 hounds
  5 orc priests
  2 jellies (D:5)
  A centaur skeleton (D:7)
  A gnoll shaman (D:9)
  Natasha (thrice) (D:3)
  4 iguanas
  12 orc wizards
  Robin (D:3)
  5 gnolls
  A howler monkey skeleton (D:7)
  4 howler monkey zombies
  10 adders
  2 shadow imps
  2 ufetubi (D:5)
  2 adder skeletons (D:4)
  3 dart slugs
  27 orcs
  7 endoplasms
  2 giant cockroaches
  15 goblins
  9 hobgoblins
  2 jackals (D:4)
  11 kobolds
  4 quokkas
  7 ball pythons
  4 bats
  2 frilled lizards (D:1)
  A quokka skeleton (D:4)
  3 rats
218 creatures vanquished.

Vanquished Creatures (collateral kills)
  A bullfrog (D:7)
  Crazy Yiuf (D:3)
  An orc priest (D:3)
  A gnoll (D:3)
  An endoplasm (D:3)
  A kobold (D:8)
6 creatures vanquished.

Vanquished Creatures (others)
  3 withered plants (D:8)
3 creatures vanquished.

Grand Total: 227 creatures vanquished

Notes
Turn   | Place    | Note
-------+----------+-------------------------------------------
     0 | D:1      | pokeman the Deep Elf Hedge Wizard began the quest for the
                  | Orb.
     0 | D:1      | Reached XP level 1. HP: 10/10 MP: 7/7
   383 | D:1      | Reached XP level 2. HP: 15/15 MP: 6/9
   739 | D:1      | Found a faded altar of an unknown god.
  1137 | D:2      | Reached skill level 5 in Spellcasting
  1286 | D:2      | Reached XP level 3. HP: 16/20 MP: 5/11
  1290 | D:2      | Learned a level 3 spell: Mephitic Cloud
  1293 | D:2      | Learned a level 2 spell: Call Imp
  1296 | D:2      | Learned a level 2 spell: Blink
  1300 | D:2      | Learned a level 3 spell: Conjure Flame
  1628 | D:2      | Reached skill level 1 in Armour
  1876 | D:2      | Reached skill level 1 in Fighting
  2077 | D:2      | Reached XP level 4. HP: 20/25 MP: 4/13
  2572 | D:3      | Found a glowing silver altar of Zin.
  2635 | D:3      | Noticed Natasha
  2650 | D:3      | HP: 1/25 [white imp[Natasha] (5)]
  3190 | D:3      | Noticed Robin
  3524 | D:3      | Killed Robin
  3525 | D:3      | Reached skill level 6 in Spellcasting
  3525 | D:3      | Reached XP level 5. HP: 29/29 MP: 4/15
  4001 | D:3      | Killed Natasha
  4002 | D:3      | Reached skill level 1 in Shields
  4124 | D:3      | Noticed Natasha
  4132 | D:3      | Killed Natasha
  4167 | D:3      | Noticed Natasha
  4173 | D:3      | Killed Natasha
  4323 | D:3      | Found a runed translucent door.
  4324 | D:3      | Noticed Crazy Yiuf
  4346 | D:3      | Killed Crazy Yiuf
  4617 | D:4      | Reached skill level 1 in Fire Magic
  4817 | D:3      | Reached XP level 6. HP: 10/34 MP: 0/17
  5101 | D:4      | Noticed Eustachio
  5117 | D:4      | Reached skill level 1 in Evocations
  5410 | D:4      | Reached skill level 7 in Spellcasting
  5527 | D:4      | Killed Eustachio
  5528 | D:4      | Reached skill level 1 in Air Magic
  5528 | D:4      | Reached skill level 1 in Poison Magic
  5589 | D:4      | Reached XP level 7. HP: 38/38 MP: 16/20
  5665 | D:4      | Found a white marble altar of Elyvilon.
  6009 | D:5      | Entered Level 5 of the Dungeon
  6117 | D:5      | Reached skill level 8 in Spellcasting
  6861 | D:5      | Reached XP level 8. HP: 28/44 MP: 0/22
  6991 | D:5      | Found a snail-covered altar of Cheibriados.
  7118 | D:5      | Reached skill level 9 in Spellcasting
  7220 | D:5      | Noticed Grinder
  7246 | D:5      | Killed Grinder
  7247 | D:5      | Reached skill level 5 in Conjurations
  7650 | D:5      | Reached skill level 10 in Spellcasting
  8463 | D:6      | Reached XP level 9. HP: 32/48 MP: 14/25
  9159 | D:6      | Reached skill level 11 in Spellcasting
  9847 | D:7      | Found a staircase to the Ecumenical Temple.
  9853 | Temple   | Entered the Ecumenical Temple
  9868 | Temple   | Became a worshipper of Vehumet
 10056 | D:7      | Noticed a troll
 10085 | D:7      | Killed a troll
 10086 | D:7      | Reached skill level 5 in Fire Magic
 10221 | D:7      | You fall into a shaft and drop 2 floors!
 10283 | D:7      | Reached skill level 12 in Spellcasting
 10490 | D:8      | Found a staircase to the Lair.
 10536 | D:8      | Reached XP level 10. HP: 47/53 MP: 21/28
 10864 | D:8      | Found a hide-covered altar of Uskayaw.
 10953 | D:8      | Reached * piety under Vehumet
 10953 | D:8      | Offered knowledge of Sandblast by Vehumet.
 11024 | D:8      | Reached skill level 13 in Spellcasting
 11072 | D:8      | Found a runed translucent gate.
 11072 | D:8      | Found a runed translucent gate.
 11072 | D:8      | Found a runed translucent gate.
 11073 | D:8      | Noticed Zonian's ghost (novice HuCj)
 11073 | D:8      | Noticed DemonSlayer's ghost (novice HuCK)
 11073 | D:8      | Noticed SkeletonJelly's ghost (novice DrFi)
 11126 | D:8      | Noticed a seven-headed hydra
 11153 | D:8      | Killed a seven-headed hydra
 11366 | D:8      | Found a sacrificial altar of Ru.
 11399 | D:8      | Found an ancient bone altar of Kikubaaqudgha.
 12383 | D:9      | Reached ** piety under Vehumet
 12383 | D:9      | Offered knowledge of Searing Ray by Vehumet.
 12417 | D:9      | Noticed a two-headed ogre
 12431 | D:9      | Killed a two-headed ogre
 12432 | D:9      | Reached skill level 14 in Spellcasting
 12432 | D:9      | Reached XP level 11. HP: 59/59 MP: 25/31
 13568 | D:10     | Entered Level 10 of the Dungeon
 14433 | D:11     | Found Ajufagaa's Weapon Shoppe.
 14433 | D:11     | Found a staircase to the Orcish Mines.
 14433 | D:11     | Noticed a boulder beetle
 14447 | D:11     | Offered knowledge of Ignite Poison by Vehumet.
 14487 | D:11     | Found a runed translucent door.
 14506 | D:11     | Noticed dinky3's ghost (journeyman SpEn)
 14548 | D:11     | HP: 2/60 [orc wizard (2)]
 14552 | D:11     | Killed from afar by a white imp

Illustrated notes

Levels and vault maps discovered:
D:1:      lemuel_arrival_room, layout_basic,
          ebering_ecumenical_altar_sacrificial, minivault_27
D:2:      layout_basic
D:3:      layout_basic, zin_scriptorium, uniq_robin, uniq_crazy_yiuf_cottage,
          uniq_natasha
D:4:      layout_cave_pools, elyvilon_altar_3, uniq_eustachio
D:5:      minmay_diamond_boxcup, layout_loops_ring, cheibriados_altar_1,
          minmay_door_square, grunt_ministairs_3, uniq_grinder
D:6:      layout_layer_cave
D:7:      layout_gridville, minmay_temple_entry_hall, minmay_crystal_room
D:8:      layout_rooms, nicolae_overflow_crystal_walls,
          kiku_gazebo_garden_becter, nicolae_uskayaw_murder_on_the_dancefloor,
          lair_entry_dummy, gammafunk_ghost_cemetery, minmay_statues_item
D:9:      minmay_razor_zed, layout_small_grid
D:10:     layout_basic, st_stairs_8
D:11:     layout_gridville, orc_david_3, hellmonk_ghost_happy_afterlife,
          enter_bailey_2, statue_in_the_mist_lemuel, minmay_misc_feat_iff
Temple:   eino_temple_rhombus

Skill      XL: |  1  2  3  4  5  6  7  8  9 10 11 |
---------------+----------------------------------+-----
Spellcasting   | 5 6 7 8 10 12 14 | 14.4
Armour         | 1 2 3 |  3.0
Conjurations   | 2 3 4 5 7 8 |  8.8
Fighting       | 1 2 3 |  3.4
Dodging        | 3 |  3.0
Shields        | 1 2 3 4 |  4.0
Stealth        | 3 |  3.0
Fire Magic     | 1 2 4 5 7 |  7.8
Evocations     | 1 |  1.0
Air Magic      | 1 2 |  2.0
Poison Magic   | 1 |  1.1
Summonings     | |  1.1
Translocations | |  1.1

Action                   |  1- 3 |  4- 6 |  7- 9 | 10-12 || total
-------------------------+-------+-------+-------+-------++-------
Melee: Dagger            |     1 |       |       |       ||     1
       Staff             |     2 |    28 |    62 |    87 ||   179
 Cast: Magic Dart        |   102 |   145 |   232 |   114 ||   593
       Call Imp          |       |     8 |     7 |    19 ||    34
       Mephitic Cloud    |       |     8 |    21 |    30 ||    59
       Blink             |       |     2 |     2 |     8 ||    12
       Conjure Flame     |       |     3 |    25 |    61 ||    89
Evoke: Wand              |       |       |       |     9 ||     9
  Use: Scroll            |       |       |       |     7 ||     7
 Stab: Confused          |       |     1 |     7 |     3 ||    11
Armor: Robe              |     3 |       |       |       ||     3
       Leather armour    |       |    20 |    44 |    40 ||   104
Dodge: Dodged            |    16 |    50 |    79 |    56 ||   201
Block: Buckler           |       |       |       |    22 ||    22

Table legend: (Time is in decaauts)
 A = Elapsed time spent in this place.
 B = Non-inter-level travel time spent in this place.
 C = Inter-level travel time spent in this place.
 D = Time resting spent in this place.
 E = Time spent auto-exploring this place.
 F = Levels seen in this place.
 G = Mean time per level.
                   A        B        C        D        E       F      G
               +--------+--------+--------+--------+--------+-----+--------+
         Total |  14626 |  13955 |    671 |   2118 |   9530 |  12 | 1218.8 |
       Dungeon |  14600 |  13938 |    662 |   2118 |   9521 |  11 | 1327.3 |
        Temple |     25 |     16 |      9 |      0 |      9 |   1 |   25.0 |
               +--------+--------+--------+--------+--------+-----+--------+

Top non-repeatable levels by time:
     D:3: 2318 daAuts
     D:2: 2003 daAuts
     D:5: 1949 daAuts
     D:9: 1744 daAuts
     D:6: 1612 daAuts
     D:7: 1163 daAuts
     D:8: 1025 daAuts
     D:1: 932 daAuts
     D:4: 899 daAuts
    D:10: 800 daAuts
    D:11: 152 daAuts
  Temple: 25 daAuts
